 Dungeon Crawl Stone Soup version 0.25-a0-1133-g93ebf739aa (webtiles) character file.

Game seed: 7341374775470047374, levelgen mode: deterministic

36 gruber the Firebug (level 3, 2/19 HPs)
             Began as a Deep Elf Fire Elementalist on May 21, 2020.
             Quit the game on level 4 of the Dungeon.
             The game lasted 00:00:41 (162 turns).

gruber the Firebug (Deep Elf Fire Elementalist)      Turns: 162, Time: 00:00:42

Health: 2/19       AC:  2    Str:  5    XL:     3   Next: 19%
Magic:  0/10       EV: 13    Int: 20    God:
Gold:   21         SH:  0    Dex: 15    Spells: 8/9 levels left

rFire    . . .     SeeInvis .   (no weapon)
rCold    . . .     Gourm    .   (no shield)
rNeg     . . .     Faith    .   a - +0 robe
rPois    .         Spirit   .   (no helmet)
rElec    .         Reflect  .   (no cloak)
rCorr    .         Harm     .   (no gloves)
MR       .....                  (no boots)
Stlth    ++........             (no amulet)
HPRegen  0.06/turn              (no ring)
MPRegen  0.12/turn              (no ring)

@: lethally poisoned (2 -> -7), very slightly contaminated
A: no striking features
a: no special abilities


You were on level 4 of the Dungeon.
You were not hungry.

You visited 1 branch of the dungeon, and saw 3 of its levels.

You collected 21 gold pieces.

Inventory:

Armour
 a - a +0 robe (worn)
Scrolls
 b - a scroll of enchant armour {unknown}
Comestibles
 c - a ration


   Skills:
 - Level 2.4 Dodging
 - Level 2.4 Stealth
 + Level 3.6 Spellcasting
 + Level 1.3 Conjurations
 + Level 4.4 Fire Magic


You had 8 spell levels left.
You knew the following spells:

 Your Spells              Type           Power        Failure   Level  Hunger
a - Foxfire               Conj/Fire      ###.         4%          1    None

Your spell library contained the following spells:

 Spells                   Type           Power        Failure   Level  Hunger
 Conjure Flame            Conj/Fire      ###.....     12%         3    ###....
 Inner Flame              Hex/Fire       ##......     16%         3    ###....
 Sticky Flame             Conj/Fire      ###.....     38%         4    ####...
 Fireball                 Conj/Fire      ###.......   75%         5    ######.


Dungeon Overview and Level Annotations

Branches:
Dungeon (2/15)

Altars:


Message History

You are lethally poisoned!
The adder poisons you!
You feel sick.
You feel sick.
You feel sick. The adder bites you.
You aren't carrying any potions.
Casting: Foxfire (safe; 4% risk of failure)
Confirm with . or Enter, or press ? or * to list all spells.
You conjure some foxfire!
You feel sick. The adder bites you.
* * * LOW HITPOINT WARNING * * *
The foxfire hits the orc.
You kill the orc!
Unknown command.
Unknown command.
You are too injured to fight recklessly!
You are too injured to fight recklessly!
A phantom comes into view.
The adder misses you.
You see here a +2 short sword of freezing.
Are you sure you want to abandon this character and quit the game? (Confirm with "yes".)

.. .##..
##.####.....
...........
##..........
#...........
#...........
##.....W....#
#.....)....#
##@o.o.....##
#.S......###
###..#####
####


You could see a phantom, an adder and 2 orcs.

Vanquished Creatures
  An orc wizard (D:4)
  A worm (D:2)
  An orc (D:4)
  A bat (D:2)
  A kobold (D:1)
5 creatures vanquished.

Vanquished Creatures (others)
  24 foxfires
24 creatures vanquished.

Grand Total: 29 creatures vanquished

Notes
Turn   | Place    | Note
-------+----------+-------------------------------------------
     0 | D:1      | gruber the Deep Elf Fire Elementalist began the quest for
                  | the Orb.
     0 | D:1      | Reached XP level 1. HP: 10/10 MP: 6/6
    44 | D:1      | You fall into a shaft and drop 1 floor!
   147 | D:2      | You fall into a shaft and drop 2 floors!
   148 | D:4      | Noticed an orc wizard
   151 | D:4      | Noticed an orc wizard
   154 | D:4      | Killed an orc wizard
   154 | D:4      | Reached skill level 4 in Fire Magic
   154 | D:4      | Reached XP level 2. HP: 15/15 MP: 0/8
   154 | D:4      | Reached XP level 3. HP: 19/19 MP: 0/10
   161 | D:4      | Noticed a phantom
   162 | D:4      | Quit the game

Illustrated notes

Levels and vault maps discovered:
D:1:      evilmike_arrival_crescent, layout_basic
D:2:      layout_loops_cross
D:4:      layout_cave_pods, old_standard_altar, minmay_fractal_squares_gapless_5

Skill      XL: |  1 |
---------------+----+-----
Fire Magic     | 4 |  4.4
Dodging        | |  2.4
Stealth        | |  2.4
Spellcasting   | |  3.6
Conjurations   | |  1.3

Action                   || total
-------------------------++-------
 Cast: Foxfire           ||    16
Dodge: Dodged            ||     2

Table legend:
 A = Non-vault XP
 B = Vault XP
 C = Vault XP percentage of total XP
 D = Non-vault monster count
 E = Vault monster count
 F = Vault count percentage of total count
                 A         B        C        D         E       F
            +---------+---------+-------+---------+---------+-------
      Total |      52 |       0 |   0.0 |       5 |       0 |   0.0
            +---------+---------+-------+---------+---------+-------
        D:1 |       2 |       0 |   0.0 |       1 |       0 |   0.0
        D:2 |       7 |       0 |   0.0 |       2 |       0 |   0.0
        D:4 |      43 |       0 |   0.0 |       2 |       0 |   0.0
            +---------+---------+-------+---------+---------+-------
